 Dungeon Crawl Stone Soup version 0.22-a0-240-g539252a (webtiles) character file.

12840 wolfsongas the Protected (level 11, -1/84 HPs)
             Began as a Gnoll Wanderer on Feb 22, 2018.
             Was an Initiate of Gozag.
             Slain by an eight-headed hydra (5 damage)
             ... on level 11 of the Dungeon.
             The game lasted 00:17:16 (11842 turns).

wolfsongas the Protected (Gnoll Wanderer)          Turns: 11842, Time: 00:17:17

Health: -1/84      AC: 18    Str: 19    XL:     11   Next: 99%
Magic:  0/21       EV:  9    Int: 22    God:    Gozag
Gold:   1521       SH:  0    Dex: 19    Spells: 23/23 levels left

rFire    . . .     SeeInvis +   k - +7 war axe "Eroedyuw" {freeze, *Noise rC+ Dex+7 Stlth+}
rCold    + . .     Gourm    .   (no shield)
rNeg     . . .     Faith    .   n - +0 plate armour
rPois    +         Spirit   +   u - +2 hat {SInv}
rElec    .         Reflect  .   i - scarf {Spirit}
rCorr    .         Harm     .   (no gloves)
MR       .....                  (no boots)
Stlth    ..........             (no amulet)
HPRegen  0.24/turn              c - +6 ring of intelligence
MPRegen  0.17/turn              m - ring of poison resistance

@: drained
A: distributed training, fangs 1, hooves 1, icy blue scales 1, mutation
resistance 1, strong nose
a: Potion Petition, Call Merchant, Bribe Branch, Renounce Religion


You were on level 11 of the Dungeon.
You worshipped Gozag.
Gozag was most pleased with you.
You were not hungry.

You visited 2 branches of the dungeon, and saw 12 of its levels.

You collected 1595 gold pieces.
You paid 74 gold pieces to Gozag.

Inventory:

Hand Weapons
 k - the +7 war axe "Eroedyuw" (weapon) {freeze, *Noise rC+ Dex+7 Stlth+}
   (You found it on level 5 of the Dungeon)

   It has been specially enchanted to freeze those struck by it, causing extra
   injury to most foes and up to half again as much damage against particularly
   susceptible opponents.
   It can also slow down cold-blooded creatures.
   It affects your dexterity (+7).
   It protects you from cold.
   It may make noises in combat.
   It makes you more stealthy.
Armour
 i - a scarf of spirit shield (worn)
 n - a +0 plate armour (worn)
 u - a +2 hat of see invisible (worn)
Jewellery
 c - a +6 ring of intelligence (left hand)
 m - a ring of poison resistance (right hand)
Wands
 a - a wand of enslavement (7)
 e - a wand of iceblast (6)
 f - a wand of disintegration (38)
 j - a wand of clouds (5)
 p - a wand of acid (17)
Scrolls
 b - a scroll of identify
 r - 3 scrolls of remove curse
 s - a scroll of silence
 t - 2 scrolls of fear
 v - 3 scrolls of enchant weapon
 w - a scroll of teleportation
Potions
 g - 2 potions of heal wounds
 h - a potion of cancellation
 l - a potion of lignification
 o - a potion of brilliance
 q - a potion of curing
Comestibles
 d - 13 rations


   Skills:
 + Level 7.2(6.7) Fighting
 + Level 6.7(6.1) Short Blades
 + Level 6.7(6.1) Long Blades
 + Level 8.2(7.6) Axes
 + Level 8.2(7.6) Maces & Flails
 + Level 6.7(6.1) Polearms
 + Level 6.7(6.1) Staves
 + Level 6.7(6.1) Slings
 + Level 6.7(6.1) Bows
 + Level 6.7(6.1) Crossbows
 + Level 7.2(6.7) Throwing
 + Level 9.4(8.8) Armour
 + Level 6.7(6.1) Dodging
 + Level 7.1(6.6) Stealth
 + Level 6.7(6.1) Shields
 + Level 6.7(6.1) Unarmed Combat
 + Level 6.7(6.1) Spellcasting
 + Level 5.5(5.0) Conjurations
 + Level 5.5(5.0) Hexes
 + Level 5.5(5.0) Charms
 + Level 5.5(5.0) Summonings
 + Level 5.5(5.0) Necromancy
 + Level 5.5(5.0) Translocations
 + Level 5.5(5.0) Transmutations
 + Level 5.5(5.0) Fire Magic
 + Level 5.5(5.0) Ice Magic
 + Level 5.5(5.0) Air Magic
 + Level 5.5(5.0) Earth Magic
 + Level 5.5(5.0) Poison Magic
 + Level 7.3(6.8) Invocations
 + Level 6.7(6.1) Evocations


You had 23 spell levels left.
You didn't know any spells.

Dungeon Overview and Level Annotations

Branches:
Dungeon (11/15)            Temple (1/1) D:7            Lair (0/6) D:8
    Orc (0/2) D:10

Altars:
Ashenzari
Cheibriados
Dithmenos
Elyvilon
Fedhas
Gozag
Hepliaklqana
Kikubaaqudgha
Makhleb
Nemelex Xobeh
Okawaru
Qazlal
Ru
Sif Muna
Trog
Uskayaw
Vehumet
Wu Jian
Xom
Yredelemnul
Zin
The Shining One

Shops:
D:8 *

Annotations:
D:4 wolfsongas's ghost, amateur GnWn
D:6 wolfsongas's ghost, novice GnWn


Innate Abilities, Weirdness & Mutations

Your experience applies equally to all skills.
You have very sharp teeth.
Your uncanny sense of smell can sniff out nearby items.
You have large cloven feet.
You are partially covered in icy blue scales. (AC +2)
You are somewhat resistant to further mutation.


Message History

The eight-headed hydra bites you!
* * * LOW HITPOINT WARNING * * *
The eight-headed hydra bites you but does no damage.
The big kobold hits you but does no damage.
Okay, then.
Okay, then.
Okay, then.
Okay, then.
As you read the scroll of fear, it crumbles to dust.
You assume a fearsome visage.
The eight-headed hydra resists with some effort.
The big kobold looks frightened!
The eight-headed hydra bites you.
* * * LOW HITPOINT WARNING * * *
The eight-headed hydra bites you but does no damage.
The eight-headed hydra barely misses you.
The eight-headed hydra bites you.
* * * LOW HITPOINT WARNING * * *
The eight-headed hydra bites you!
You die...
Your body crumbles into a pile of gold.

#.##...#####.# ##.## #.##...# #.#
#..# #.##...# #.# ##.# #.##...#
#.# #.# #.##...########### #.##
#.##...##PP≈P.+).# #..#
#.##...##P≈≈≈≈#.K# ##.##
#.#*****#$)P≈P##D# #..#
#.#######.....#.@####### ##.#
#........$)...'..#.....# #..
#########..P..'..#.....#******##.
....# #.#≈....'..#.....#*,,,,,,#.
..#.# #.#.....#.%#.....#*,,,,,,#.
.>#.# #.##########.....#*,,,,,,##
..#.# #.#.#.######.....#*,,,,,,*#
..#.# #.#.#.#.......#.##*,,,,,,*#
..#.###.#...#.#####.#.# *,,,,,,*


You could see an eight-headed hydra and a big kobold (fleeing).

Vanquished Creatures
  Gastronok (D:8)
  2 two-headed ogres
  The ghost of filfer the Unseen, a novice FeWz (D:11)
  Pikel (D:4)
  A cyclops (D:11)
  A manticore (D:11)
  An ugly thing (D:11)
  An ice statue (D:10)
  A troll (D:9)
  A hornet (D:7)
  2 dream sheep (D:11)
  2 hippogriffs
  2 yaks (D:11)
  A wyvern (D:10)
  2 hungry ghosts
  2 hell hounds (D:8)
  3 orc warriors
  A hornet zombie (D:11)
  2 black bears
  5 ogres
  4 phantoms
  A necrophage (D:11)
  A centaur (D:7)
  4 big kobolds
  A crocodile (D:10)
  11 bullfrogs
  3 scorpions
  9 killer bees (D:9)
  8 wights
  2 spriggan skeletons (D:10)
  A howler monkey (D:5)
  A bullfrog zombie (D:8)
  3 crimson imps
  3 quasits
  A bullfrog skeleton (D:6)
  5 hounds
  An iguana (D:10)
  5 jellies
  10 orc priests
  6 centaur skeletons
  10 orc wizards
  6 worker ants
  9 adders
  9 gnolls
  7 shadow imps
  3 oozes
  An adder skeleton (D:6)
  2 worms
  A dart slug (D:3)
  3 leopard geckos
  50 orcs
  2 ball pythons
  3 giant cockroaches
  6 goblins
  6 hobgoblins
  7 jackals
  16 kobolds
  6 quokkas
  6 bats
  4 frilled lizards
  2 jackal skeletons
  A leopard gecko skeleton (D:9)
  6 rats
279 creatures vanquished.

Vanquished Creatures (others)
  A scorpion (D:4)
  A hound (D:4)
  2 orc wizards
  A worker ant (D:4)
  2 gnolls (D:4)
  A giant cockroach (D:4)
8 creatures vanquished.

Grand Total: 287 creatures vanquished

Notes
Turn   | Place    | Note
-------+----------+-------------------------------------------
     0 | D:1      | wolfsongas the Gnoll Wanderer began the quest for the Orb.
     0 | D:1      | wolfsongas set off with: a +2 hand axe, a +0 ring mail, a +0 mace, a ration
     0 | D:1      | Reached XP level 1. HP: 17/17 MP: 1/1
   206 | D:1      | Reached XP level 2. HP: 23/23 MP: 2/2
   893 | D:2      | Reached XP level 3. HP: 27/28 MP: 3/3
  1061 | D:2      | Found a blossoming altar of Fedhas.
  1108 | D:2      | Reached skill level 1 in Invocations
  1377 | D:2      | Reached skill level 1 in Short Blades
  1377 | D:2      | Reached skill level 1 in Long Blades
  1377 | D:2      | Reached skill level 1 in Polearms
  1377 | D:2      | Reached skill level 1 in Staves
  1377 | D:2      | Reached skill level 1 in Slings
  1377 | D:2      | Reached skill level 1 in Bows
  1377 | D:2      | Reached skill level 1 in Crossbows
  1377 | D:2      | Reached skill level 1 in Dodging
  1377 | D:2      | Reached skill level 1 in Shields
  1377 | D:2      | Reached skill level 1 in Unarmed Combat
  1377 | D:2      | Reached skill level 1 in Spellcasting
  1377 | D:2      | Reached skill level 1 in Evocations
  1377 | D:2      | Reached XP level 4. HP: 26/34 MP: 2/5
  1963 | D:3      | Reached skill level 1 in Conjurations
  1963 | D:3      | Reached skill level 1 in Hexes
  1963 | D:3      | Reached skill level 1 in Charms
  1963 | D:3      | Reached skill level 1 in Summonings
  1963 | D:3      | Reached skill level 1 in Necromancy
  1963 | D:3      | Reached skill level 1 in Translocations
  1963 | D:3      | Reached skill level 1 in Transmutations
  1963 | D:3      | Reached skill level 1 in Fire Magic
  1963 | D:3      | Reached skill level 1 in Ice Magic
  1963 | D:3      | Reached skill level 1 in Air Magic
  1963 | D:3      | Reached skill level 1 in Earth Magic
  1963 | D:3      | Reached skill level 1 in Poison Magic
  2563 | D:3      | Reached XP level 5. HP: 16/40 MP: 2/7
  2896 | D:4      | Noticed a slave
  2897 | D:4      | Noticed a slave
  3000 | D:4      | Noticed Pikel
  3002 | D:4      | Noticed a slave
  3004 | D:4      | Noticed a slave
  3031 | D:4      | Killed Pikel
  3031 | D:4      | Reached skill level 5 in Axes
  3031 | D:4      | Reached skill level 5 in Maces & Flails
  3031 | D:4      | Reached skill level 7 in Armour
  3031 | D:4      | Reached XP level 6. HP: 8/47 MP: 1/9
  3031 | D:4      | Reached XP level 7. HP: 9/52 MP: 1/10
  3426 | D:4      | Noticed wolfsongas's ghost (amateur GnWn)
  3469 | D:4      | HP: 2/52 [wolfsongas's ghost (13)]
  3505 | D:5      | Entered Level 5 of the Dungeon
  4425 | D:5      | Got a faintly glowing war axe
  4426 | D:5      | Identified the +7 war axe "Eroedyuw" {freeze, *Noise rC+ Dex+7 Stlth+} (You found it on level 5 of the Dungeon)
  4772 | D:6      | Reached XP level 8. HP: 57/60 MP: 10/12
  4821 | D:6      | Noticed wolfsongas's ghost (novice GnWn)
  6900 | D:7      | Reached XP level 9. HP: 63/66 MP: 12/14
  7275 | D:7      | Noticed a hornet
  7283 | D:7      | Killed a hornet
  7283 | D:7      | Reached skill level 5 in Fighting
  7283 | D:7      | Reached skill level 5 in Throwing
  7302 | D:7      | Found a staircase to the Ecumenical Temple.
  7304 | D:7      | Got a creamy pearl robe
  7305 | D:7      | Identified the cursed +1 robe of Prudence {rC+ Dex+2} (You took it off a crimson imp on level 7 of the Dungeon)
  7308 | D:7      | Gained mutation: You have large cloven feet. [potion of mutation]
  7308 | D:7      | Gained mutation: You are partially covered in icy blue scales. (AC +2) [potion of mutation]
  7308 | D:7      | Gained mutation: You are somewhat resistant to further mutation. [potion of mutation]
  7336 | Temple   | Entered the Ecumenical Temple
  7423 | Temple   | Became a worshipper of Gozag Ym Sagoz the Greedy
  7600 | D:8      | Reached skill level 5 in Stealth
  7620 | D:8      | Reached skill level 8 in Armour
  7777 | D:8      | Found a staircase to the Lair.
  7796 | D:8      | Reached skill level 5 in Invocations
  8051 | D:8      | Noticed Gastronok
  8069 | D:8      | Killed Gastronok
  8069 | D:8      | Reached skill level 5 in Short Blades
  8069 | D:8      | Reached skill level 5 in Long Blades
  8069 | D:8      | Reached skill level 5 in Polearms
  8069 | D:8      | Reached skill level 5 in Staves
  8069 | D:8      | Reached skill level 5 in Slings
  8069 | D:8      | Reached skill level 5 in Bows
  8069 | D:8      | Reached skill level 5 in Crossbows
  8069 | D:8      | Reached skill level 5 in Dodging
  8069 | D:8      | Reached skill level 5 in Shields
  8069 | D:8      | Reached skill level 5 in Unarmed Combat
  8069 | D:8      | Reached skill level 5 in Spellcasting
  8069 | D:8      | Reached skill level 5 in Evocations
  8069 | D:8      | Reached XP level 10. HP: 32/76 MP: 8/17
  8094 | D:8      | Found Irew's General Store.
  8620 | D:8      | You fall through a shaft for 3 floors!
  8770 | D:11     | Noticed a white ugly thing
  8813 | D:11     | Noticed a cyclops
  8834 | D:11     | Killed a cyclops
  9139 | D:11     | Noticed a manticore
  9145 | D:11     | Killed a manticore
  9275 | D:10     | Entered Level 10 of the Dungeon
  9284 | D:10     | Reached XP level 11. HP: 80/82 MP: 17/19
  9548 | D:9      | Noticed a two-headed ogre
  9554 | D:9      | Killed a two-headed ogre
  9554 | D:9      | Reached skill level 9 in Armour
  9561 | D:9      | Reached skill level 5 in Conjurations
  9561 | D:9      | Reached skill level 5 in Hexes
  9561 | D:9      | Reached skill level 5 in Charms
  9561 | D:9      | Reached skill level 5 in Summonings
  9561 | D:9      | Reached skill level 5 in Necromancy
  9561 | D:9      | Reached skill level 5 in Translocations
  9561 | D:9      | Reached skill level 5 in Transmutations
  9561 | D:9      | Reached skill level 5 in Fire Magic
  9561 | D:9      | Reached skill level 5 in Ice Magic
  9561 | D:9      | Reached skill level 5 in Air Magic
  9561 | D:9      | Reached skill level 5 in Earth Magic
  9561 | D:9      | Reached skill level 5 in Poison Magic
 10285 | D:10     | Noticed a two-headed ogre
 10292 | D:10     | Killed a two-headed ogre
 10545 | D:10     | Found a staircase to the Orcish Mines.
 11294 | D:11     | Killed a white ugly thing
 11467 | D:11     | Noticed filfer's ghost (novice FeWz)
 11471 | D:11     | Killed filfer's ghost
 11830 | D:11     | Noticed a two-headed hydra
 11842 | D:11     | HP: 4/84 [eight-headed hydra (2)]
 11842 | D:11     | Slain by an eight-headed hydra

Vault maps used:
D:1:      nicolae_arrival_washed_ashore
D:2:      fedhas_altar_4
D:4:      first_ration, gup_sewer_entry_bowl, uniq_pikel
D:7:      minmay_temple_entry_mist
D:8:      minmay_lair_entry_lava, serial_shops, shop, uniq_gastronok
D:10:     lemuel_ice_statue, erik_orc_3, hangedman_tell_no_tales
D:11:     hangedman_ranch, kennysheep_potato
Temple:   compressed_dpeg_triangle_lava_temple

Skill      XL: |  1  2  3  4  5  6  7  8  9 10 11 |
---------------+----------------------------------+-----
Invocations    | 1 2 3 4 5 6 7 |  7.3
Short Blades   | 1 2 3 5 6 |  6.7
Long Blades    | 1 2 3 5 6 |  6.7
Polearms       | 1 2 3 5 6 |  6.7
Staves         | 1 2 3 5 6 |  6.7
Slings         | 1 2 3 5 6 |  6.7
Bows           | 1 2 3 5 6 |  6.7
Crossbows      | 1 2 3 5 6 |  6.7
Dodging        | 1 2 3 5 6 |  6.7
Shields        | 1 2 3 5 6 |  6.7
Unarmed Combat | 1 2 3 5 6 |  6.7
Spellcasting   | 1 2 3 5 6 |  6.7
Evocations     | 1 2 3 5 6 |  6.7
Conjurations   | 1 2 3 4 5 |  5.5
Hexes          | 1 2 3 4 5 |  5.5
Charms         | 1 2 3 4 5 |  5.5
Summonings     | 1 2 3 4 5 |  5.5
Necromancy     | 1 2 3 4 5 |  5.5
Translocations | 1 2 3 4 5 |  5.5
Transmutations | 1 2 3 4 5 |  5.5
Fire Magic     | 1 2 3 4 5 |  5.5
Ice Magic      | 1 2 3 4 5 |  5.5
Air Magic      | 1 2 3 4 5 |  5.5
Earth Magic    | 1 2 3 4 5 |  5.5
Poison Magic   | 1 2 3 4 5 |  5.5
Fighting       | 3 4 5 6 7 |  7.2
Axes           | 5 6 7 8 |  8.2
Maces & Flails | 5 6 7 8 |  8.2
Throwing       | 3 4 5 6 7 |  7.2
Armour         | 7 8 9 |  9.4
Stealth        | 3 4 5 6 7 |  7.1

Action                   |  1- 3 |  4- 6 |  7- 9 | 10-12 || total
-------------------------+-------+-------+-------+-------++-------
Melee: Hand axe          |    89 |   115 |       |       ||   204
       Bite              |     8 |     9 |    46 |    41 ||   104
       Punch             |       |     2 |     4 |     7 ||    13
       Whip              |       |       |    63 |       ||    63
       War axe           |       |       |   241 |   297 ||   538
       Kick              |       |       |    29 |   112 ||   141
  Use: Scroll            |     2 |     9 |     5 |     7 ||    23
       Potion            |       |     5 |     8 |     4 ||    17
 Stab: Sleeping          |     2 |     1 |     7 |       ||    10
       Distracted        |       |       |       |     3 ||     3
  Eat: Chunk             |     1 |     3 |     3 |       ||     7
       Ration            |       |     1 |     4 |     7 ||    12
Armor: Ring mail         |    45 |    31 |    61 |       ||   137
       Skin              |       |       |    15 |       ||    15
       Plate armour      |       |       |    60 |   217 ||   277
Dodge: Dodged            |    51 |    50 |   179 |   172 ||   452

Table legend:
 A = Spawn XP
 B = Non-spawn XP
 C = Spawn XP percentage of total XP
 D = Spawn monster count
 E = Non-spawn monster count
 F = Spawn count percentage of total count
 G = Total turns spent on level
                    A         B        C        D         E        F      G
               +---------+---------+-------+---------+---------+-------+---------
         Total |       0 |   18343 |   0.0 |       0 |     280 |   0.0 | 11842
               +---------+---------+-------+---------+---------+-------+---------
           D:1 |       0 |      21 |   0.0 |       0 |      13 |   0.0 |   804
           D:2 |       0 |      85 |   0.0 |       0 |      25 |   0.0 |   882
           D:3 |       0 |      98 |   0.0 |       0 |      19 |   0.0 |  1256
           D:4 |       0 |     694 |   0.0 |       0 |       8 |   0.0 |   563
           D:5 |       0 |     253 |   0.0 |       0 |       9 |   0.0 |  1956
           D:6 |       0 |     786 |   0.0 |       0 |      26 |   0.0 |   867
           D:7 |       0 |    1642 |   0.0 |       0 |      31 |   0.0 |  1159
           D:8 |       0 |    3528 |   0.0 |       0 |      30 |   0.0 |  1026
           D:9 |       0 |    2947 |   0.0 |       0 |      34 |   0.0 |   903
          D:10 |       0 |    3328 |   0.0 |       0 |      42 |   0.0 |  1033
          D:11 |       0 |    4961 |   0.0 |       0 |      43 |   0.0 |  1286
               +---------+---------+-------+---------+---------+-------+---------
